 Dungeon Crawl Stone Soup version 0.22-a0-571-g4a923d4 (webtiles) character file.

156 Cunctator the Digger (level 5, -1/28 HPs)
             Began as a Gargoyle Earth Elementalist on July 1, 2018.
             Killed from afar by an orc wizard (8 damage)
             ... with a magic dart
             ... on level 3 of the Dungeon.
             The game lasted 00:16:20 (3211 turns).

Cunctator the Digger (Gargoyle Earth Elementalist)  Turns: 3211, Time: 00:16:21

Health: -1/28      AC:  7    Str: 12    XL:     5   Next: 38%
Magic:  5/9        EV: 12    Int: 16    God:
Gold:   128        SH:  0    Dex: 10    Spells: 6/10 levels left

rFire    . . .     SeeInvis .   l - +0 mace
rCold    . . .     Gourm    .   (no shield)
rNeg     + . .     Faith    .   c - +0 robe
rPois    ∞         Spirit   .   (no helmet)
rElec    +         Reflect  .   (no cloak)
rCorr    .         Harm     .   p - +0 pair of gloves
MR       .....                  (no boots)
Stlth    +.........             (no amulet)
HPRegen  0.09/turn              (no ring)
MPRegen  0.11/turn              (no ring)

@: confused, very slightly contaminated
A: negative energy resistance 1, electricity resistance, unbreathing,
petrification resistance, rot immunity, AC +4
a: no special abilities


You were on level 3 of the Dungeon.
You were very hungry.

You visited 1 branch of the dungeon, and saw 3 of its levels.

You collected 128 gold pieces.

Inventory:

Hand Weapons
 e - a +0 short sword
 l - a +0 mace (weapon)
 q - a cursed -3 mace
 u - a +0 hunting sling
Missiles
 b - 51 stones (quivered)
 h - 32 sling bullets
Armour
 c - a +0 robe (worn)
 g - a +0 shield
 j - a +1 pair of gloves
 m - a +0 leather armour
 p - a +0 pair of gloves (worn)
Scrolls
 i - 2 scrolls of identify {unknown}
 k - a scroll of noise {unknown}
 n - a scroll of blinking {unknown}
 o - a scroll of remove curse {unknown}
 r - a scroll of amnesia {unknown}
Potions
 a - 2 potions of flight {unknown}
 s - a potion of haste {unknown}
 t - a potion of berserk rage {unknown}
 v - a potion of curing {unknown}
 w - a potion of agility {unknown}
Comestibles
 d - 9 rations
 f - 5 chunks of flesh


   Skills:
 - Level 1.5 Dodging
 - Level 2.1 Stealth
 - Level 3.0 Spellcasting
 + Level 2.5 Conjurations
   Level 0.7 Transmutations
 + Level 5.6 Earth Magic


You had 6 spell levels left.
You knew the following spells:

 Your Spells              Type           Power        Failure   Level  Hunger
a - Sandblast             Erth           ###...       1%          1    #......
b - Stone Arrow           Conj/Erth      ###...       11%         3    ###....

Your spell library contained the following spells:

 Spells                   Type           Power        Failure   Level  Hunger
 Passwall                 Tmut/Erth      ##......     8%          2    ##.....
 Lee's Rapid Deconstruct  Erth           ###.......   45%         5    ######.
 Petrify                  Tmut/Erth      ##......     45%         4    #####..


Dungeon Overview and Level Annotations

Branches:
Dungeon (3/15)

Altars:
Trog


Innate Abilities, Weirdness & Mutations

You are resistant to torment.
Your stone body is resilient. (AC +4)
You are immune to poison.
You resist negative energy. (rN+)
You are resistant to electric shocks. (rElec)
You can survive without breathing.
You are immune to petrification.
You are immune to rotting.


Message History

You closely miss something.
You hear some strange, mumbled words.
You are confused.
You completely miss something. Something hits you.
You closely miss something. Something hits you but does no damage.
You barely miss something.
Something hits you but does no damage. x2
You bump into the rock wall.
You hear some strange, mumbled words.
You are more confused.
You miss something. Something hits you.
You're too confused to move!
Something completely misses you.
You're too confused to move!
You hear some strange, mumbled words.
A magic dart appears from out of thin air!
The magic dart hits you!
* * * LOW HITPOINT WARNING * * *
You hear some strange, mumbled words.
A magic dart appears from out of thin air!
The magic dart hits you!
You die...

###. ###.#. ###....
#..... #.... #...# #...#
#.@.# ## #..{# #####..%
..#####...#####.....>#
.......)......%..##..#
.......<†..[...)....)#
...............†.#.....#
#.#####...#####.## ..#..
# #...# #.# ... #..$#
#.. ..#


There were no monsters in sight!

Vanquished Creatures
  4 gnolls
  3 adders (D:2)
  2 oozes (D:2)
  4 worms (D:2)
  2 dart slugs
  A leopard gecko (D:1)
  4 orcs
  7 bats
  3 giant cockroaches
  6 goblins
  6 hobgoblins
  5 jackals
  2 ball pythons (D:2)
  2 frilled lizards
  6 kobolds
  7 rats (D:2)
64 creatures vanquished.

Notes
Turn   | Place    | Note
-------+----------+-------------------------------------------
     0 | D:1      | Cunctator the Gargoyle Earth Elementalist began the quest for the Orb.
     0 | D:1      | Reached XP level 1. HP: 10/10 MP: 3/3
   356 | D:1      | Reached XP level 2. HP: 14/15 MP: 5/5
   378 | D:1      | Reached skill level 4 in Earth Magic
  1352 | D:2      | Reached XP level 3. HP: 19/19 MP: 7/7
  1357 | D:2      | Learned a level 3 spell: Stone Arrow
  1795 | D:2      | Noticed a moth of wrath
  1798 | D:2      | Found a bloodstained altar of Trog.
  1865 | D:2      | Reached XP level 4. HP: 12/24 MP: 1/8
  2122 | D:2      | Reached skill level 1 in Conjurations
  2297 | D:2      | Reached skill level 5 in Earth Magic
  2668 | D:2      | Reached XP level 5. HP: 28/28 MP: 6/9
  3211 | D:3      | Killed from afar by an orc wizard

Vault maps used:
D:1:      scummos_arrival_gate
D:2:      minmay_wonky_spiral, tgw_trog
D:3:      old_standard_altar, ebering_ghost_sewer_d

Skill      XL: |  1  2  3  4 |
---------------+-------------+-----
Earth Magic    | 4 5 |  5.6
Spellcasting   | 3 |  3.0
Conjurations   | 2 |  2.5
Dodging        | |  1.5
Stealth        | |  2.1
Transmutations | |  0.7

Action                   |  1- 3 |  4- 6 || total
-------------------------+-------+-------++-------
Melee: Short sword       |    21 |       ||    21
       Club              |    55 |       ||    55
       Mace              |    39 |    60 ||    99
 Cast: Sandblast         |    16 |    21 ||    37
       Stone Arrow       |     4 |    13 ||    17
 Stab: Sleeping          |     2 |       ||     2
  Eat: Chunk             |     4 |     5 ||     9
Armor: Robe              |    61 |    22 ||    83
Dodge: Dodged            |   116 |    72 ||   188

Table legend:
 A = Spawn XP
 B = Non-spawn XP
 C = Spawn XP percentage of total XP
 D = Spawn monster count
 E = Non-spawn monster count
 F = Spawn count percentage of total count
 G = Total turns spent on level
                    A         B        C        D         E        F      G
               +---------+---------+-------+---------+---------+-------+---------
         Total |       0 |     224 |   0.0 |       0 |      64 |   0.0 |  3211
               +---------+---------+-------+---------+---------+-------+---------
           D:1 |       0 |      76 |   0.0 |       0 |      20 |   0.0 |  1455
           D:2 |       0 |     135 |   0.0 |       0 |      38 |   0.0 |  1663
           D:3 |       0 |      13 |   0.0 |       0 |       6 |   0.0 |    93
               +---------+---------+-------+---------+---------+-------+---------
